 Dungeon Crawl Stone Soup version 0.26.1-2-gb8aa6d0cf2 (webtiles) character file.

Game seed: 12414268878251481855

2303 windgrace the Slasher (level 9, -6/80 HPs)
             Began as a Palentonga Fighter on Feb 10, 2021.
             Was a Priest of Yredelemnul.
             Mangled by an orc knight
             ... wielding a +0 broad axe
              (19 damage)
             ... in a bailey.
             The game lasted 00:42:18 (8071 turns).

windgrace the Slasher (Palentonga Fighter)          Turns: 8071, Time: 00:42:19

Health: -6/80      AC: 15    Str: 21 (22) XL:     9   Next: 18%
Magic:  21/21      EV:  7    Int:  8 (10) God:    Yredelemnul [***...]
Gold:   326        SH:  0    Dex:  8 (9)  Spells: 8/8 levels left

rFire    . . .     SeeInvis +   F - +0 scimitar
rCold    . . .     Faith    .   c - +0 kite shield
rNeg     . . .     Spirit   .   b - +0 scale mail
rPois    .         Reflect  +   (no helmet)
rElec    .         Harm     .   x - +0 cloak
rCorr    .         Rampage  .   (no gloves)
Will     .....                  (no barding)
Stlth    ..........             w - amulet of reflection
HPRegen  0.23/turn              q - ring of magical power
MPRegen  0.17/turn              (no ring)

@: confused, curled up
A: large, rugged brown scales 3, see invisible, deformed body, roll 1, armoured
tail, reflexive curl
a: Rolling Charge, Renounce Religion, Recall Undead Slaves, Injury Mirror,
Animate Dead


You were in a bailey.
You worshipped Yredelemnul.
Yredelemnul was most pleased with you.
You visited 1 branch of the dungeon, and saw 7 of its levels.
You also visited: Bailey.

You collected 326 gold pieces.

Inventory:

Hand Weapons
 a - a +0 long sword
 s - a +4 spear
 y - a +0 great sword
 C - a +0 falchion
 F - a +0 scimitar (weapon)
Missiles
 k - 26 poisoned darts
 H - 14 boomerangs
 I - 5 javelins
Armour
 b - a +0 scale mail (worn)
 c - a +0 kite shield (worn)
 i - a +0 ring mail
 x - a +0 cloak (worn)
 D - a +0 buckler
Jewellery
 q - a ring of magical power (left hand)
 w - an amulet of reflection (around neck)
Wands
 A - a wand of digging (3)
Scrolls
 e - 10 scrolls of identify {unknown}
 f - 9 scrolls of remove curse {unknown}
 g - 7 scrolls of teleportation {unknown}
 h - 2 scrolls of noise {unknown}
 l - a scroll of immolation {unknown}
 m - a scroll of magic mapping {unknown}
 o - a scroll of enchant weapon {unknown}
 t - 2 scrolls of amnesia {unknown}
 u - a scroll of blinking {unknown}
 v - 2 scrolls of random uselessness {unknown}
 B - 2 scrolls of enchant armour {unknown}
Potions
 j - a potion of resistance
 n - a potion of attraction


   Skills:
 + Level 5.6 Fighting
 + Level 6.9 Long Blades
 + Level 0.8 Polearms
 + Level 4.3 Armour
 + Level 2.2 Dodging
 + Level 0.6 Stealth
 + Level 5.3 Shields
 + Level 4.2 Invocations


You had 8 spell levels left.
You didn't know any spells.
Your spell library was empty.

Dungeon Overview and Level Annotations

Branches:
Dungeon (7/15)             Temple (0/1) D:4          Bailey (1/1)

Altars:
Elyvilon
Gozag
Nemelex Xobeh
Trog
Wu Jian
Yredelemnul

Shops:
D:4 (


Innate Abilities, Weirdness & Mutations

You are completely covered in rugged brown scales. (AC +3, +7% HP)
You have supernaturally acute eyesight. (SInv)
Armour fits poorly on your strangely shaped body.
You can roll at nearby foes to attack.
You have a long armoured tail.
You curl defensively after being hit.


Message History

Okay, then.
It was a potion of degeneration.
There was something very wrong with that liquid.
You feel weakened.
You feel dopey.
You feel clumsy.
It was a potion of cancellation.
Your magical effects are unravelling.
You feel magically purged.
You feel yourself slow down.
You feel a little less mighty now.
Your resistance to elements expires.
Your dark mirror aura disappears.
You feel less attractive to monsters.
It was a potion of ambrosia.
You are confused.
You feel invigorated.
You closely miss the orc knight.
The orc knight is moderately wounded.
You miss the orc warrior.
Your tail-slap misses the orc warrior.
The orc warrior is heavily wounded.
The orc knight hits you with a +0 broad axe!!
You die...
Your body rises from the dead as a mindless zombie.

##.........##
#.....⌠.....#
##...g.....##
#.........#
##.......##
#..g....# ##.gg..##
##o#### ##)@o..##
#.......#
##.......##
#.........#
#.........##
#.....⌠.....#######
##.........##.....##
#.........#.......#
##.......##.......##


You could see an orc knight, an orc warrior (strong) and 4 hobgoblins.

Vanquished Creatures
  Duvessa (D:6)
  2 orc warriors (Bailey)
  An ice beast (D:6)
  2 sky beasts
  A phantom (D:4)
  4 ogres
  3 centaurs
  A bullfrog (D:7)
  Dowan (D:6)
  An orc priest (D:4)
  A centaur skeleton (D:5)
  Ijyb (D:5)
  An iguana (D:6)
  3 worker ants
  A killer bee zombie (D:6)
  A hound skeleton (D:5)
  9 adders
  14 gnolls
  A white imp (D:6)
  3 oozes
  An adder zombie (D:7)
  6 worms
  A dart slug (D:3)
  2 leopard geckos
  19 orcs
  2 ball pythons (D:2)
  6 giant cockroaches
  16 goblins
  10 hobgoblins
  8 jackals
  10 kobolds
  2 quokkas
  12 bats
  11 frilled lizards
  5 rats
163 creatures vanquished.

Vanquished Creatures (collateral kills)
  Eustachio (D:6)
  An orc warrior (Bailey)
  An ogre (D:7)
  A bullfrog zombie (D:6)
  A bullfrog skeleton (D:4)
  A hound (D:4)
  An orc priest (D:4)
  A hound skeleton (D:7)
  A gnoll (D:7)
  An ufetubus (D:5)
  A giant cockroach (D:7)
  3 goblins
  A hobgoblin (Bailey)
  5 jackals
  A quokka zombie (D:5)
21 creatures vanquished.

Vanquished Creatures (others)
  A mummy (Bailey)
  A bullfrog zombie (D:7)
  An ogre zombie (D:6)
  An adder zombie (D:4)
  An elf zombie (D:6)
  3 giant cockroach zombies
  2 gnoll zombies (Bailey)
  8 goblin zombies
  5 hobgoblin zombies (Bailey)
  2 jackal zombies (D:6)
  5 orc zombies
  A worker ant zombie (D:6)
31 creatures vanquished.

Grand Total: 215 creatures vanquished

Notes
Turn   | Place    | Note
-------+----------+-------------------------------------------
     0 | D:1      | windgrace the Palentonga Fighter began the quest for the
                  | Orb.
     0 | D:1      | Reached XP level 1. HP: 20/20 MP: 1/1
   400 | D:1      | Reached XP level 2. HP: 26/27 MP: 2/2
   818 | D:1      | Reached XP level 3. HP: 33/33 MP: 3/3
  1000 | D:2      | Reached skill level 3 in Long Blades
  1000 | D:2      | Reached XP level 4. HP: 37/40 MP: 4/4
  1529 | D:2      | Found a basalt altar of Yredelemnul.
  1533 | D:2      | Became a worshipper of Yredelemnul the Dark
  2059 | D:3      | Reached XP level 5. HP: 9/48 MP: 5/5
  2806 | D:3      | Reached skill level 4 in Long Blades
  3026 | D:3      | Reached * piety under Yredelemnul
  3216 | D:3      | Found a sparkling altar of Nemelex Xobeh.
  3223 | D:3      | Reached skill level 1 in Dodging
  3386 | D:4      | Found a bloodstained altar of Trog.
  3461 | D:4      | Found a staircase to the Ecumenical Temple.
  3669 | D:4      | Reached XP level 6. HP: 30/55 MP: 6/6
  3833 | D:4      | Found Xuihuph's Antique Weapon Shop.
  4117 | D:4      | Reached skill level 1 in Invocations
  4294 | D:4      | Gained mutation: You curl defensively after being hit.
                  | [Palentonga growth]
  4294 | D:4      | Reached XP level 7. HP: 58/63 MP: 8/8
  4504 | D:5      | Entered Level 5 of the Dungeon
  5425 | D:5      | Noticed Ijyb
  5438 | D:5      | Killed Ijyb
  5466 | D:5      | Found a sparkling altar of Nemelex Xobeh.
  5466 | D:5      | Found an opulent altar of Gozag.
  5564 | D:6      | Reached ** piety under Yredelemnul
  5565 | D:6      | Reached skill level 5 in Long Blades
  5579 | D:6      | Reached XP level 8. HP: 56/71 MP: 10/10
  5679 | D:6      | Noticed Dowan
  5680 | D:6      | Noticed Duvessa
  5681 | D:6      | Noticed Eustachio
  5686 | D:6      | Killed Duvessa
  5696 | D:6      | Killed Eustachio
  5702 | D:6      | Killed Dowan
  5710 | D:6      | Reached skill level 6 in Long Blades
  5893 | D:6      | Your ally Duvessa died
  5981 | D:6      | Reached skill level 5 in Fighting
  6176 | D:6      | Found an ornate altar of the Wu Jian Council.
  6690 | D:6      | Found a white marble altar of Elyvilon.
  6873 | D:7      | Reached skill level 5 in Shields
  6982 | D:7      | Found a flagged portal.
  6992 | D:7      | Reached *** piety under Yredelemnul
  7264 | D:7      | Reached XP level 9. HP: 75/79 MP: 12/12
  7587 | Bailey   | Entered a bailey
  7885 | Bailey   | Received a gift from Yredelemnul (a mummy)
  8034 | Bailey   | Noticed an orc knight
  8066 | Bailey   | HP: 1/79 [orc warrior/+0 war axe (9)]
  8071 | Bailey   | Mangled by an orc knight

Illustrated notes

Levels and vault maps discovered:
D:1:      wander_arrival_chamber, layout_basic, serial_corexii_hall,
          corexii_hall_statues_l, corexii_hall_statues_i
D:2:      layout_loops_cross, marbit_many_paths
D:3:      layout_basic, nrook_uturn, nemelex_dance_club_becter
D:4:      layout_gridville, nicolae_overflow_crystal_walls,
          minmay_temple_entry_gardened_gates, serial_shops, shop
D:5:      layout_basic, grunt_temple_overflow_opulence, columned_hall_lemuel,
          minivault_27, uniq_ijyb
D:6:      layout_basic, general_overflow_altar, kennysheep_little_box,
          uniq_duvessa, uniq_eustachio
D:7:      layout_cave_pools, lightli_bailey_entry_fortress
Bailey:   bailey_axe_minmay_hex_keep, bailey

Skill      XL: |  1  2  3  4  5  6  7  8 |
---------------+-------------------------+-----
Long Blades    | 3 4 5 6 |  6.9
Shields        | 3 4 5 |  5.3
Dodging        | 1 2 |  2.2
Fighting       | 4 5 |  5.6
Invocations    | 1 2 4 |  4.2
Armour         | 3 4 |  4.3
Polearms       | |  0.8
Stealth        | |  0.6

Action                   |  1- 3 |  4- 6 |  7- 9 || total
-------------------------+-------+-------+-------++-------
Melee: Long sword        |    88 |   197 |   118 ||   403
       Tailslap          |     9 |    28 |    43 ||    80
       Spear             |       |    17 |       ||    17
       Falchion          |       |       |    54 ||    54
       Scimitar          |       |       |   128 ||   128
Throw: Dart              |       |       |     1 ||     1
       Boomerang         |       |       |     3 ||     3
Invok: Animate Remains   |       |     9 |    23 ||    32
       Animate Dead      |       |       |    10 ||    10
       Injury Mirror     |       |       |     1 ||     1
 Abil: Rolling Charge    |    18 |    44 |    45 ||   107
  Use: Potion            |       |     2 |     9 ||    11
 Stab: Distracted        |       |       |     1 ||     1
Armor: Scale mail        |    28 |    75 |    68 ||   171
Dodge: Dodged            |    16 |    38 |    53 ||   107
Block: Kite shield       |    36 |    94 |   199 ||   329
       Reflection        |       |       |     8 ||     8
       Rpst.: Long sword |     4 |    13 |     8 ||    25
       Falchion          |       |       |     2 ||     2
       Scimitar          |       |       |     4 ||     4
